 Dungeon Crawl Stone Soup version 0.30-a0-174-gbc10bd73c2 (webtiles) character file.

Game seed: 13796901136266103225

706 qw the Chopper (level 7, -18/44 HPs)
             Began as a Gargoyle Fighter on Oct 1, 2022.
             Was an Initiate of Okawaru.
             Demolished by a cyclops (22 damage)
             ... on level 6 of the Dungeon.
             The game lasted 00:01:22 (5804 turns).

qw the Chopper (Gargoyle Fighter)                   Turns: 5804, Time: 00:01:22

Health: -18/44     AC: 17    Str: 21    XL:     7   Next: 67%
Magic:  7/7        EV:  5    Int:  9    God:    Okawaru [......]
Gold:   155        SH:  4    Dex:  9    Spells: 6/6 levels left

rFire   . . .      SeeInvis .    Y - +0 war axe (elec)
rCold   . . .      Faith    .    c - +0 buckler
rNeg    + + .      Spirit   .    k - +0 plate armour
rPois   inf        Reflect  .    (no helmet)
rElec   +          Harm     .    (no cloak)
rCorr   .          Rampage  .    p - +0 pair of gloves
Will    .....                    (no boots)
Stlth   ..........               q - amulet of regeneration
HPRegen 1.07/turn                o - ring of positive energy
MPRegen 0.10/turn                (no ring)

@: about to teleport
A: sickness immunity, AC +4, negative energy resistance 1, electricity
resistance, torment resistance 1, petrification resistance
a: Renounce Religion


You were on level 6 of the Dungeon.
You worshipped Okawaru.
Okawaru was noncommittal.
You visited 2 branches of the dungeon, and saw 7 of its levels.

You collected 230 gold pieces.
You spent 75 gold pieces at shops.


Innate Abilities, Weirdness & Mutations

You are immune to sickness and miasma.
Your stone body is resilient. (AC +4)
You are immune to poison.
You resist negative energy. (rN+)
You are resistant to electric shocks. (rElec)
You are resistant to unholy torment.
You are immune to petrification.


   Skills:
 - Level 4.6 Fighting
 - Level 7.1 Axes
 + Level 3.5 Armour
 - Level 3.2 Shields
 - Level 0.1 Invocations


You had 6 spell levels left.
You didn't know any spells.
Your spell library was empty.

Inventory:

Hand Weapons
 m - a +0 mace
 Y - a +0 war axe of electrocution (weapon)
Missiles
 h - a boomerang (quivered)
Armour
 c - a +0 buckler (worn)
 k - a +0 plate armour (worn)
 p - a +0 pair of gloves (worn)
Jewellery
 o - a ring of positive energy (left hand)
 q - an amulet of regeneration (around neck)
Scrolls
 a - a scroll of teleportation
Potions
 b - a potion of resistance {unknown}
 d - a potion of might
 e - a potion of curing
 f - a potion of magic {unknown}
 g - a potion of brilliance {unknown}
 i - a potion of attraction {unknown}
 j - a potion of berserk rage {unknown}

Dungeon Overview and Level Annotations

Branches:
Dungeon (6/15)             Temple (1/1) D:5

Altars:
Ashenzari
Cheibriados
Dithmenos
Elyvilon
Fedhas
Gozag
Hepliaklqana
Kikubaaqudgha
Nemelex Xobeh
Okawaru
Ru
Sif Muna
Uskayaw
Vehumet
Wu Jian
Xom
Yredelemnul
Zin
The Shining One

Shops:
D:3 *


Message History

Lightning courses through the iguana! The bullfrog barely misses you.
The hound bites you but does no damage.
The bullfrog hits you but does no damage.
The hound bites you but does no damage. The iguana bites you!
You closely miss the iguana.
The iguana is severely wounded.
You miss the hound. You closely miss the bullfrog. The bullfrog hits you.
You block the hound's attack. The iguana barely misses you.
The bullfrog hits you but does no damage.
You closely miss the iguana.
The iguana is severely wounded.
You hit the bullfrog but do no damage. You barely miss the cyclops.
The bullfrog hits you but does no damage.
You slash the iguana!
You kill the iguana!
Okawaru accepts your kill.
You closely miss the hound. You hit the cyclops.
You completely miss the bullfrog. The hound bites you.
The bullfrog hits you but does no damage.
You block the hound's attack.
The bullfrog hits you but does no damage.
You closely miss the bullfrog.
The bullfrog is heavily wounded.
You closely miss the iguana. You closely miss the hound. You hit the cyclops.
Lightning courses through the cyclops! You block the bullfrog's attack.
The hound bites you but does no damage. The iguana bites you!
A gnoll comes into view. It is wielding a +0 halberd.
The cyclops hits you. The bullfrog hits you.
The hound bites you but does no damage.
A gnoll bouda comes into view. It is wielding a +0 club.
The gnoll moves out of view.
5804 ||| READING 2 scrolls of teleportation.
As you read the scroll of teleportation, it crumbles to dust.
You feel strangely unstable. The bullfrog barely misses you.
The hound bites you. The cyclops hits you!!
Ouch! That really hurt!
You die...

..#..# ..#.!. .# 8....
.# #... ##. ... ...
###.###.# #..hF.#.#
#+## .#.(C@.#.#
##...##
......ll...###.....##
...#.!.?.#.##>......##
g #.....#...........#
###.###.+..<......+
... ...#.........#
#...######.......##
....# ##.....## .#.
##...##


You could see a cyclops, a bullfrog, a gnoll bouda, 2 iguanas and a hound.

Vanquished Creatures
  2 ogres
  A centaur (D:5)
  A bullfrog (D:5)
  2 hounds (D:4)
  5 iguanas
  2 orc wizards (D:4)
  4 adders
  A river rat (D:3)
  A white imp (D:4)
  2 ufetubi (D:5)
  2 worms
  2 dart slugs
  13 orcs
  3 endoplasms
  6 giant cockroaches
  5 goblins
  6 hobgoblins
  3 jackals (D:3)
  7 kobolds
  3 bats
  A frilled lizard (D:1)
  6 rats
78 creatures vanquished.

Notes
Turn   | Place    | Note
-------+----------+-------------------------------------------
     0 | D:1      | qw the Gargoyle Fighter began the quest for the Orb.
     0 | D:1      | Reached XP level 1. HP: 14/14 MP: 1/1
     0 | D:1      | 0 ||| qw: Version: 0.2-a-13-gfc7b4b4
     0 | D:1      | 0 ||| qw: Game counter: 1943
     0 | D:1      | 0 ||| qw: Always use a shield: true
     0 | D:1      | 0 ||| qw: God list: Okawaru
     0 | D:1      | 0 ||| qw: Allow faded altars: false
     0 | D:1      | 0 ||| qw: Do Orc after D:15 true
     0 | D:1      | 0 ||| qw: Do second Lair branch before Depths: true
     0 | D:1      | 0 ||| qw: Lair rune preference: random
     0 | D:1      | 0 ||| qw: Plans: Normal, Zot:1-4, God:TSO, Crypt, Tomb,
                  | Pan, Slime:5, Hells, Abyss, Orb
     0 | D:1      | 0 ||| PLANNING D:1-11
    32 | D:1      | Reached skill level 2 in Axes
   182 | D:1      | Reached XP level 2. HP: 19/19 MP: 2/2
   888 | D:1      | 888 ||| READING scroll labelled UMETAQ KAIDWU.
   889 | D:1      | 889 ||| READING scroll labelled VUET EZXIROCYN.
   892 | D:1      | 892 ||| READING scroll labelled PIDADWYGOY.
   893 | D:1      | 893 ||| READING scroll labelled NUOBBIMOMO.
  1072 | D:2      | 1072 ||| Stepping ~*~*~tactically~*~*~ (stealth).
  1085 | D:2      | Reached skill level 3 in Axes
  1085 | D:2      | Reached XP level 3. HP: 17/23 MP: 3/3
  1443 | D:2      | Found a faded altar of an unknown god.
  1672 | D:2      | 1672 ||| READING scroll labelled WEAF PITZOCIRGH.
  1679 | D:3      | 1679 ||| PLANNING SEWER
  1704 | D:3      | 1704 ||| Stepping ~*~*~tactically~*~*~ (stealth).
  1815 | D:3      | Found Yrecwa's Assorted Antiques.
  1822 | D:3      | 1822 ||| SHOPLISTING 2 scrolls of identify (100 gold, have
                  | 85).
  1822 | D:3      | 1822 ||| BUYING mace (75 gold).
  1822 | D:3      | Bought a mace for 75 gold pieces
  1822 | D:3      | 1822 ||| SHOPLISTING metallic yellow potion (22 gold, have
                  | 10).
  1822 | D:3      | 1822 ||| SHOPLISTING scroll labelled ONIEDUTAIR (25 gold,
                  | have 10).
  1822 | D:3      | 1822 ||| DROPPING +0 club.
  2044 | D:3      | 2044 ||| Stepping ~*~*~tactically~*~*~ (hiding).
  2055 | D:3      | Reached XP level 4. HP: 28/28 MP: 4/4
  2318 | D:3      | 2318 ||| RIP SEWER
  2635 | D:3      | 2635 ||| PLANNING D:1-11
  2650 | D:3      | Reached skill level 4 in Axes
  2758 | D:3      | 2758 ||| Stepping ~*~*~tactically~*~*~ (water).
  2929 | D:3      | 2929 ||| UPGRADING to +0 plate armour.
  2939 | D:3      | 2939 ||| DROPPING +0 scale mail.
  2940 | D:3      | 2940 ||| READING scroll labelled XAMAR SALIUTU.
  3047 | D:4      | 3047 ||| Stepping ~*~*~tactically~*~*~ (stealth).
  3170 | D:4      | Reached XP level 5. HP: 30/32 MP: 5/5
  3221 | D:4      | Reached skill level 5 in Axes
  3252 | D:4      | Noticed an ogre
  3259 | D:4      | Killed an ogre
  3260 | D:4      | Reached XP level 6. HP: 13/39 MP: 6/6
  3395 | D:4      | 3395 ||| Stepping ~*~*~tactically~*~*~ (stealth).
  3396 | D:4      | 3396 ||| Stepping ~*~*~tactically~*~*~ (stealth).
  3397 | D:4      | 3397 ||| Stepping ~*~*~tactically~*~*~ (stealth).
  3432 | D:4      | 3432 ||| Stepping ~*~*~tactically~*~*~ (stealth).
  3433 | D:4      | 3433 ||| Stepping ~*~*~tactically~*~*~ (stealth).
  3436 | D:4      | 3436 ||| Stepping ~*~*~tactically~*~*~ (stealth).
  4306 | D:4      | 4306 ||| UPGRADING to ring of positive energy.
  4307 | D:4      | 4307 ||| READING scroll labelled KEIGIF BAIPP.
  4333 | D:4      | 4333 ||| READING scroll labelled ONIEDUTAIR.
  4346 | D:5      | Entered Level 5 of the Dungeon
  4483 | D:5      | Found a staircase to the Ecumenical Temple.
  4484 | D:5      | 4484 ||| PLANNING TEMPLE
  4497 | Temple   | Entered the Ecumenical Temple
  4497 | Temple   | Found a transporter.
  4497 | Temple   | Found a transporter.
  4499 | Temple   | Found a transporter.
  4499 | Temple   | Found a transporter.
  4509 | Temple   | 4509 ||| PLANNING D:1-11
  4570 | Temple   | 4570 ||| PLANNING OKAWARU WORSHIP
  4576 | Temple   | Became a worshipper of Warmaster Okawaru
  4577 | Temple   | 4577 ||| PLANNING D:1-11
  4637 | D:5      | 4637 ||| Stepping ~*~*~tactically~*~*~ (hiding).
  4638 | D:5      | 4638 ||| Stepping ~*~*~tactically~*~*~ (hiding).
  4640 | D:5      | 4640 ||| Stepping ~*~*~tactically~*~*~ (hiding).
  4822 | D:5      | 4822 ||| Stepping ~*~*~tactically~*~*~ (hiding).
  4823 | D:5      | 4823 ||| Stepping ~*~*~tactically~*~*~ (hiding).
  4832 | D:5      | Reached skill level 6 in Axes
  4832 | D:5      | Reached XP level 7. HP: 24/44 MP: 7/7
  5210 | D:5      | Reached * piety under Okawaru
  5211 | D:5      | Reached skill level 7 in Axes
  5476 | D:5      | 5476 ||| INVOKING Heroism.
  5477 | D:5      | 5477 ||| INVOKING Heroism.
  5709 | D:5      | 5709 ||| UPGRADING to +0 pair of gloves.
  5714 | D:5      | 5714 ||| UPGRADING to amulet of the acrobat.
  5719 | D:5      | 5719 ||| UPGRADING to amulet of regeneration.
  5729 | D:5      | 5729 ||| DROPPING amulet of the acrobat.
  5730 | D:5      | 5730 ||| READING scroll labelled YSAXAA KAIGH.
  5731 | D:5      | 5731 ||| DRINKING 2 lumpy emerald potions.
  5794 | D:6      | Noticed a cyclops
  5803 | D:6      | HP: 10/44 [cyclops (3)]
  5804 | D:6      | 5804 ||| READING 2 scrolls of teleportation.
  5804 | D:6      | HP: 4/44 [hound (5)]
  5804 | D:6      | Demolished by a cyclops

Levels and vault maps discovered:
D:1:      scummos_arrival_simple_crosswalls, layout_basic,
          chequers_serial_rivers_micro_c
D:2:      layout_loops_corners, basic_ecumenical_altar, minmay_crystal_water
D:3:      layout_basic, serial_co_window_serial, co_window_paths_b,
          co_window_paths_a, co_window_paths_b, co_window_paths_b,
          co_window_paths_a, co_window_of_opportunity_a, co_window_corner_a,
          co_window_corner_b, co_window_broadway_c, co_window_corner_b,
          co_window_paths_d, co_window_4corner_a, glass_columns_a,
          glass_columns_b, glass_columns_a, serial_shops,
          nicolae_shop_overgrown_old_shop, gup_sewer_entry_spiral,
          serial_bayou_pond_b
D:4:      layout_layer_cave, lightli_corner_chamber, uniq_grinder
D:5:      layout_cave_pods, minmay_temple_entry_junction_2, chequers_big_river
D:6:      layout_loops_corners, serial_shops, nicolae_shop_hallway_stairs,
          minmay_chambers_of_fives
Temple:   hellmonk_temple_divided_pantheon

Skill      XL: |  1  2  3  4  5  6  7 |
---------------+----------------------+-----
Axes           | 2 3 4 5 6 7 |  7.1
Fighting       | 4 |  4.6
Armour         | |  3.5
Shields        | |  3.2
Invocations    | |  0.1

Action                   |  1- 3 |  4- 6 |  7- 9 || total
-------------------------+-------+-------+-------++-------
Melee: War axe           |    67 |    89 |    29 ||   185
Throw: Boomerang         |    30 |    42 |    12 ||    84
Invok: Heroism           |       |       |     1 ||     1
  Use: Scroll            |     5 |     3 |     2 ||    10
       Potion            |       |       |     1 ||     1
Armor: Scale mail        |    40 |    16 |       ||    56
       Plate armour      |       |    38 |    22 ||    60
Dodge: Dodged            |    36 |    31 |    11 ||    78
Block: Buckler           |     9 |    16 |     7 ||    32

Table legend:
 A = Non-vault XP
 B = Vault XP
 C = Vault XP percentage of total XP
 D = Non-vault monster count
 E = Vault monster count
 F = Vault count percentage of total count
                 A         B        C        D         E       F
            +---------+---------+-------+---------+---------+-------
      Total |     938 |      71 |   7.0 |      68 |      10 |  12.8
            +---------+---------+-------+---------+---------+-------
        D:1 |      25 |       0 |   0.0 |      15 |       0 |   0.0
        D:2 |      25 |       0 |   0.0 |       6 |       0 |   0.0
        D:3 |      37 |      38 |  50.7 |      12 |       9 |  42.9
        D:4 |     390 |       0 |   0.0 |      21 |       0 |   0.0
        D:5 |     461 |       0 |   0.0 |      14 |       0 |   0.0
        D:6 |       0 |      33 | 100.0 |       0 |       1 | 100.0
            +---------+---------+-------+---------+---------+-------
